 Dungeon Crawl Stone Soup version 0.31-a0-1616-gbeaec30b81 (webtiles) character file.

Game seed: 1516214593293437074

1082 mopl the Ruffian (level 8, 0/54 HPs)
             Began as an Octopode Shapeshifter on Jan 10, 2024.
             Slain by an ice beast (6 damage)
             ... on level 5 of the Dungeon.
             The game lasted 00:06:02 (4039 turns).

mopl the Ruffian (Octopode Shapeshifter)            Turns: 4039, Time: 00:06:03

Health: 0/54       AC:  1    Str: 14    XL:     8   Next: 30%
Magic:  8/8        EV: 14    Int: 12    God:
Gold:   328        SH:  0    Dex: 13    Spells: 7/7 levels left

rFire   . .          .
                       - Unarmed
rCold   . . .        (no shield)
rNeg    . . .        (helmet currently unavailable)
rPois   .            (no amulet)
rElec   .            n - ring of see invisible
rCorr   .            (no ring)
SInv    +            (no ring)
Will    .....        (no ring)
Stlth   ++           (no ring)
HPRegen 0.29/turn    (no ring)
MPRegen 0.11/turn    (no ring)
                     (no ring)

%: no passive effects
@: beast-form
A: beast (slay +3), almost no armour, amphibious, 8 rings, camouflage 1,
gelatinous body 1, (nimble swimmer 1), tentacles
a: Begin Untransformation


You were on level 5 of the Dungeon.
You were a hulking beast.
You visited 2 branches of the dungeon, and saw 6 of its levels.
You also visited: Sewer.

You collected 328 gold pieces.

Inventory:

Missiles
 p - 8 poisoned darts (quivered)
Armour
 v - a +1 hat
Jewellery
 n - a ring of see invisible (left tentacle)
Talismans
 b - a beast talisman
 c - a flux talisman
 y - a storm talisman
Wands
 j - a wand of polymorph (9)
Scrolls
 f - 2 scrolls of vulnerability {unknown}
 g - a scroll of fog {unknown}
 h - 3 scrolls of identify {unknown}
 i - a scroll of teleportation {unknown}
 l - a scroll of revelation {unknown}
 o - 3 scrolls of enchant armour
 q - a scroll of silence {unknown}
 r - 2 scrolls of noise
 u - 2 scrolls of poison {unknown}
Potions
 a - a potion of lignification {!q}
 d - a potion of might {unknown}
 e - 3 potions of curing
 k - 3 potions of mutation {!q}
 m - a potion of haste {unknown}
 s - a potion of attraction {unknown}
 t - 3 potions of enlightenment
 w - a potion of brilliance {unknown}
 x - 2 potions of magic {unknown}


   Skills:
 + Level 3.7 Fighting
 + Level 4.1 Dodging
 * Level 6.2 Unarmed Combat
 * Level 5.8 Shapeshifting


You had 7 spell levels left.
You didn't know any spells.
Your spell library contained the following spells:

 Spells                   Type           Power      Damage    Failure   Level
 Sandblast                Erth           0%         2d4       32%         1
 Call Imp                 Summ           0%         N/A       45%         2
 Sublimation of Blood     Necr           0%         N/A       45%         2
 Passwall                 Erth           0%         N/A       69%         3
 Stone Arrow              Conj/Erth      0%         3d7       69%         3
 Anguish                  Hex/Necr       0%         N/A       97%         4
 Brom's Barrelling Bould  Conj/Erth      0%         2d3       97%         4
 Cause Fear               Hex            0%         N/A       97%         4
 Enfeeble                 Hex            0%         N/A       100%        7
 Summon Hydra             Summ           0%         N/A       100%        7


Dungeon Overview and Level Annotations

Branches:
Dungeon (5/15)             Temple (1/1) D:4           Sewer (visited)

Altars:
Ashenzari
Cheibriados
Dithmenos
Elyvilon
Fedhas
Gozag
Hepliaklqana
Kikubaaqudgha
Makhleb
Nemelex Xobeh
Okawaru
Qazlal
Sif Muna
Trog
Vehumet
Wu Jian
Yredelemnul
Zin


Innate Abilities, Weirdness & Mutations

You are a hulking beast.
Your limbs bulge with bestial killing power. (Slay +3)
You cannot wear most types of armour.
You are amphibious.
You can wear up to eight rings at the same time.
Your skin changes colour to match your surroundings (Stealth+).
Your rubbery body absorbs attacks. (AC +1, EV +1)
((You are camouflaged when in or above water. (Stealth+)))
You have tentacles for arms and can constrict up to eight enemies at once.


Message History

The phantom is heavily damaged.
The phantom closely misses you.
You barely miss the phantom.
The phantom is heavily damaged.
The phantom hits you.
The phantom blinks!
You blink.
An ice beast comes into view.
Found 3 boomerangs.
You tentacle-slap the phantom.
The phantom is severely damaged.
The phantom hits you.
The phantom blinks!
You blink.
Found a scroll labelled ZYAVIW JOUBBUKH.
You bludgeon the phantom!
The phantom is almost destroyed.
The phantom hits you!
The phantom blinks!
You blink.
A sleepcap comes into view.
You tentacle-slap the phantom.
You destroy the phantom!
You closely miss the ice beast. The ice beast hits you.
The ice beast freezes you!
You are too injured to fight recklessly!
You are too injured to fight recklessly!
You tentacle-slap the ice beast but do no damage.
Your squeeze misses the ice beast. You tentacle-slap the ice beast.
The ice beast is moderately wounded.
The ice beast hits you. The ice beast freezes you!
* * * LOW HITPOINT WARNING * * *
You bludgeon the ice beast!
The ice beast is heavily wounded.
The ice beast misses you.
You tentacle-slap the ice beast but do no damage.
The ice beast is heavily wounded.
The ice beast hits you.
* * * LOW HITPOINT WARNING * * *
The ice beast freezes you.
* * * LOW HITPOINT WARNING * * *
It was a potion of curing.
You feel better. The ice beast hits you.
* * * LOW HITPOINT WARNING * * *
The ice beast freezes you.
You die...

~≈~≈~~..## #.... ..~≈≈
≈≈≈≈~....##..... #..~≈
≈≈≈~..##........ ##....
≈~...###........ ##..f..
.......†.......# #......
..............## .......
####..........#
.......## ##........##.
......Yh# ##..#........
........###...##.....#..
.........#..## ##...###.
...........# #...#
...........# #...#
#..........## ##..##
##?..(..>...# #...#
#...####...####..##
#....##...#


You could see an ice beast and a sleepcap (dormant).

Vanquished Creatures
  2 ogres
  A centaur (D:5)
  2 phantoms (D:5)
  Blork the orc (D:5)
  A scorpion (D:5)
  A brain worm (Sewer)
  A hound (D:5)
  An orc priest (D:5)
  3 bombardier beetles
  2 jellies
  An iguana (D:5)
  Robin (D:4)
  9 adders
  4 river rats
  6 dart slugs
  3 ribbon worms
  3 orcs (D:5)
  12 ball pythons
  5 endoplasms
  2 giant cockroaches
  15 goblins
  11 hobgoblins
  3 jackals (Sewer)
  5 kobolds
  7 quokkas
  15 bats
  17 frilled lizards
  11 rats
145 creatures vanquished.

Notes
Turn   | Place    | Note
-------+----------+-------------------------------------------
     0 | D:1      | mopl the Octopode Shapeshifter began the quest for the Orb.
     0 | D:1      | Reached XP level 1. HP: 13/13 MP: 1/1
   178 | D:1      | Reached XP level 2. HP: 18/18 MP: 2/2
   458 | D:2      | Reached XP level 3. HP: 18/23 MP: 3/3
  1351 | D:3      | Reached XP level 4. HP: 15/28 MP: 4/4
  1530 | D:3      | Reached skill level 4 in Unarmed Combat
  1643 | D:3      | Found a radiant altar of Vehumet.
  1652 | D:3      | Reached skill level 2 in Fighting
  1652 | D:3      | Reached XP level 5. HP: 11/34 MP: 5/5
  1652 | D:3      | Found a broken altar of Ashenzari.
  1688 | D:3      | Reached skill level 4 in Shapeshifting
  2039 | D:4      | Found a stormy altar of Qazlal.
  2081 | D:4      | Noticed Robin
  2204 | D:4      | Reached XP level 6. HP: 20/39 MP: 6/6
  2226 | D:4      | Found a glowing drain.
  2233 | D:4      | Reached skill level 3 in Dodging
  2236 | Sewer    | Entered a sewer
  2801 | D:4      | Reached skill level 5 in Unarmed Combat
  2801 | D:4      | Reached XP level 7. HP: 45/45 MP: 7/7
  2838 | D:4      | Killed Robin
  3061 | D:4      | Found a staircase to the Ecumenical Temple.
  3068 | Temple   | Entered the Ecumenical Temple
  3270 | D:5      | Entered Level 5 of the Dungeon
  3270 | D:5      | Found a white marble altar of Elyvilon.
  3292 | D:5      | Reached skill level 3 in Fighting
  3292 | D:5      | Reached skill level 5 in Shapeshifting
  3710 | D:5      | Reached XP level 8. HP: 41/52 MP: 8/8
  3962 | D:5      | Noticed Blork the orc
  3968 | D:5      | Killed Blork the orc
  3969 | D:5      | Reached skill level 4 in Dodging
  3969 | D:5      | Reached skill level 6 in Unarmed Combat
  3990 | D:5      | Found a blossoming altar of Fedhas.
  4038 | D:5      | HP: 1/54 [ice beast (5)]
  4039 | D:5      | Slain by an ice beast

Illustrated notes

Levels and vault maps discovered:
D:1:      dpeg_arrival_shrine, layout_basic
D:2:      layout_basic
D:3:      layout_basic, nicolae_overflow_squiral, serial_bayou,
          serial_bayou_pond_b, serial_bayou_shore_b, serial_bayou_crossing,
          serial_bayou_pond_c, palyth_stone_intersect, minmay_lizard_king
D:4:      layout_rooms, grunt_qazlal_clouds, minmay_temple_entry_nine_rooms,
          portal_sewer_entry_e, minmay_door_square, uniq_robin
D:5:      layout_layer_cave, elyvilon_altar_4, fedhas_ov_isle_minmay,
          uniq_blork_the_orc
Temple:   nicolae_temple_ecumenical_triangle

Skill      XL: |  1  2  3  4  5  6  7  8 |
---------------+-------------------------+-----
Unarmed Combat | 4 5 6 |  6.2
Fighting       | 2 3 |  3.7
Shapeshifting  | 4 5 |  5.8
Dodging        | 3 4 |  4.1

Action                     |  1- 3 |  4- 6 |  7- 9 || total
---------------------------+-------+-------+-------++-------
  Melee: Unarmed           |    64 |   129 |    65 ||   258
         Tentacles         |    16 |    27 |    16 ||    59
         Constrict         |    14 |    32 |    16 ||    62
         Punch             |     2 |     6 |     3 ||    11
  Throw: Dart              |       |     1 |     3 ||     4
    Use: Scroll            |       |       |     1 ||     1
         Potion            |       |       |     1 ||     1
   Stab: Sleeping          |    12 |     7 |     2 ||    21
         Distracted        |       |     1 |       ||     1
 Armour: Skin              |    20 |    36 |    28 ||    84
  Dodge: Dodged            |    30 |    63 |    31 ||   124

Table legend: (Time is in decaauts)
 A = Elapsed time spent in this place.
 B = Non-inter-level travel time spent in this place.
 C = Inter-level travel time spent in this place.
 D = Time resting spent in this place.
 E = Time spent auto-exploring this place.
 F = Levels seen in this place.
 G = Mean time per level.
                   A        B        C        D        E       F      G
               +--------+--------+--------+--------+--------+-----+--------+
         Total |   4017 |   3883 |    134 |    281 |   2666 |   7 |  573.9 |
       Dungeon |   3556 |   3422 |    134 |    236 |   2431 |   5 |  711.2 |
        Temple |      9 |      9 |      0 |      0 |      0 |   1 |    9.0 |
         Sewer |    451 |    451 |      0 |     45 |    235 |   1 |  451.0 |
               +--------+--------+--------+--------+--------+-----+--------+

Top non-repeatable levels by time:
     D:2: 801 daAuts
     D:3: 795 daAuts
     D:4: 781 daAuts
     D:5: 763 daAuts
   Sewer: 451 daAuts
     D:1: 414 daAuts
  Temple: 9 daAuts
